 Dungeon Crawl Stone Soup version 0.18-a0-902-g8738618 (webtiles) character file.

72 Jmtri7 the Covered (level 4, 23/37 HPs)
             Began as a Minotaur Skald on Dec 24, 2015.
             Quit the game on level 2 of the Dungeon.
             The game lasted 00:12:25 (1223 turns).

Jmtri7 the Covered (Minotaur Skald)                 Turns: 1223, Time: 00:12:25

Health: 23/37      AC:  8    Str: 18    XL:     4   Next: 6%
Magic:  6/6        EV: 10    Int:  9    God:
Gold:   54         SH:  2    Dex:  9    Spells: 2 memorised, 4 levels left

rFire  . . .     SeeInvis .     a - +0 hand axe
rCold  . . .     Gourm    .     e - +0 ring mail
rNeg   . . .     Faith    .     r - +0 buckler
rPois  .         Spirit   .     m - +2 hat
rElec  .         Dismiss  .     (no cloak)
rCorr  .         Reflect  .     (no gloves)
SustAt .         Harm     .     q - +0 pair of boots
MR     .....                    (no amulet)
Stlth  ..........               (no ring)
                                (no ring)

@: not resistant to hostile enchantments, extremely unstealthy
A: retaliatory headbutt, horns 2
a: no special abilities


You were on level 2 of the Dungeon.
You were near starving.

You visited 1 branch of the dungeon, and saw 2 of its levels.

You collected 54 gold pieces.

Inventory:

Hand Weapons
 a - a +0 hand axe (weapon)
Armour
 e - a +0 ring mail (worn)
 m - a +2 hat (worn)
 q - a +0 pair of boots (worn)
 r - a +0 buckler (worn)
Jewellery
 g - an uncursed ring of protection from fire {unknown}
Scrolls
 b - a scroll of immolation
 o - a scroll of enchant weapon {unknown}
 s - a scroll of remove curse
 t - a scroll of magic mapping {unknown}
Potions
 h - a potion of mutation {unknown}
 i - a potion of degeneration {unknown}
 j - a potion of resistance {unknown}
 k - a potion of heal wounds {unknown}
 n - a potion of lignification {unknown}
 p - a potion of haste {unknown}
Books
 c - a book of Battle

   Spells                             Type                      Level
   a - Infusion                       Charms                       1
   b - Shroud of Golubria             Charms/Translocation         2
   c - Song of Sleighing              Charms                       2
   d - Spectral Weapon                Hexes/Charms                 3
   e - Regeneration                   Charms/Necromancy            3
Comestibles
 d - 2 bread rations
 f - 2 meat rations
 l - 2 beef jerkies


   Skills:
 - Level 2.4 Fighting
 - Level 2.4 Axes
 - Level 3.3 Armour
 - Level 1.1 Dodging
 + Level 2.3 Spellcasting
 - Level 2.0 Charms


You had 4 spell levels left.
You knew the following spells:

 Your Spells              Type           Power        Failure   Level  Hunger
a - Infusion              Chrm           #.....       41%         1    ##.....
b - Song of Sleighing     Chrm           #.......     67%         2    ###....


Dungeon Overview and Level Annotations

Branches:
Dungeon (2/15)

Altars:


Innate Abilities, Weirdness & Mutations

You reflexively headbutt those who attack you in melee.
You have a pair of horns on your head.


Message History

You hit the giant cockroach but do no damage.
The giant cockroach bites you.
The giant cockroach bites you but does no damage.
You closely miss the giant cockroach. You headbutt the giant cockroach.
You kill the giant cockroach!
You see here a giant cockroach corpse.
A rat comes into view.
You barely miss the rat. Your headbutt misses the rat.
The rat bites you but does no damage.
You closely miss the rat. The rat bites you but does no damage.
You barely miss the rat. The rat bites you.
You closely miss the rat. The rat bites you but does no damage.
The rat bites you but does no damage.
You hit the rat.
You kill the rat!
You see here a rat corpse.
A rat comes into view.
Found a stone staircase leading up.
Unknown command.
Are you sure you want to abandon this character and quit the game? (Confirm with "yes".)

### #.############ ###.
#..........†.# ....
#.##########.# ###. #.#
<# #.# #.# #.# #.#
#.####.#####.# #
#.r..@.......# #
#..........†...#
###+##+###############..#
#........# #..#
#........# #..#
#........# #..#
.........+ ###..##
.........#### #.....#
..#†........# #.#†###


You could see a rat.

Vanquished Creatures
  3 adders (D:2)
  An ooze (D:1)
  A worm (D:2)
  2 giant geckos
  7 bats
  3 giant cockroaches
  4 goblins
  8 hobgoblins
  A kobold (D:1)
  6 rats
36 creatures vanquished.

Notes
Turn   | Place    | Note
--------------------------------------------------------------
     0 | D:1      | Jmtri7 the Minotaur Skald began the quest for the Orb.
     0 | D:1      | Reached XP level 1. HP: 18/18 MP: 1/1
   364 | D:1      | Reached XP level 2. HP: 15/25 MP: 1/3
   389 | D:1      | Learned a level 2 spell: Song of Sleighing
   590 | D:1      | Reached XP level 3. HP: 19/30 MP: 0/4
   821 | D:2      | Reached skill level 3 in Armour
  1170 | D:2      | Reached XP level 4. HP: 22/37 MP: 6/6
  1223 | D:2      | Quit the game

Vault maps used:
D:1:      sevenhm_arrival_forest_fort_small_5, kennysheep_boxes
D:2:      first_bread

Action                   |  1- 3 |  4- 6 || total
-------------------------+-------+-------++-------
Melee: Hand axe          |    94 |    10 ||   104
 Cast: Infusion          |     5 |       ||     5
       Song of Sleighing |     3 |       ||     3
  Use: Scroll            |     3 |       ||     3
